 Dungeon Crawl Stone Soup version 0.22-a0-181-gb22368a (webtiles) character file.

1226 KristoblXynda the Cleaver (level 8, -8/63 HPs)
             Began as a Green Draconian Fighter on Feb 14, 2018.
             Was a Believer of Okawaru.
             Killed from afar by an orc wizard (10 damage)
             ... with a puff of frost
             ... on level 6 of the Dungeon.
             The game lasted 00:06:56 (3999 turns).

KristoblXynda the Cleaver (Green Draconian Fighter) Turns: 3999, Time: 00:06:58

Health: -8/63      AC:  7    Str: 18 (20) XL:     8   Next: 23%
Magic:  8/8        EV: 11    Int: 15      God:    Okawaru [**....]
Gold:   182        SH: 10    Dex:  8 (10) Spells: 7/7 levels left

rFire    . . .     SeeInvis +   a - +1 war axe
rCold    . . .     Gourm    .   b - +0 shield
rNeg     + . .     Faith    .   (armour unavailable)
rPois    +         Spirit   .   (helmet restricted)
rElec    .         Reflect  .   (no cloak)
rCorr    .         Harm     .   r - +0 pair of gloves
MR       .....                  (no boots)
Stlth    +.........             (no amulet)
HPRegen  0.20/turn              g - ring of positive energy
MPRegen  0.11/turn              j - ring of see invisible

@: brilliant, short of breath
A: breathe noxious fumes, unfitting armour, poison resistance, cold-blooded, AC
+6
a: Breathe Noxious Fumes, Heroism, Renounce Religion


You were on level 6 of the Dungeon.
You worshipped Okawaru.
Okawaru was pleased with you.
You were not hungry.

You visited 1 branch of the dungeon, and saw 6 of its levels.

You collected 182 gold pieces.

Inventory:

Hand Weapons
 a - a +1 war axe (weapon)
 x - a +0 broad axe
Missiles
 s - 6 poisoned javelins (quivered)
Armour
 b - a +0 shield (worn)
 r - a +0 pair of gloves (worn)
Jewellery
 g - a ring of positive energy (left hand)
 j - a ring of see invisible (right hand)
Wands
 v - a wand of paralysis (12)
Scrolls
 h - 2 scrolls of remove curse
 i - a scroll of noise {unknown}
 l - 5 scrolls of teleportation
 q - a scroll of amnesia
Potions
 c - a potion of might
 e - a potion of haste {unknown}
 f - a potion of flight
 k - a potion of resistance {unknown}
 m - a potion of agility
 n - a potion of berserk rage {unknown}
Books
 t - a Young Poisoner's Handbook

   Spells                             Type                      Level
   a - Sting                          Conjuration/Poison           1
   b - Poisonous Vapours              Poison/Air                   2
   c - Mephitic Cloud                 Conjuration/Poison/Air       3
   d - Olgreb's Toxic Radiance        Poison                       4
   e - Venom Bolt                     Conjuration/Poison           5
 w - a book of Conjurations

   Spells                             Type                      Level
   a - Magic Dart                     Conjuration                  1
   b - Searing Ray                    Conjuration                  2
   c - Dazzling Spray                 Conjuration/Hexes            3
   d - Fulminant Prism                Conjuration/Hexes            4
   e - Force Lance                    Conjuration/Translocation    4
   f - Iskenderun's Mystic Blast      Conjuration                  4
Comestibles
 d - 4 rations
 u - a chunk of flesh


   Skills:
 - Level 3.2 Fighting
 * Level 8.3 Axes
 - Level 3.0 Dodging
 + Level 6.3 Shields


You had 7 spell levels left.
You didn't know any spells.

Dungeon Overview and Level Annotations

Branches:
Dungeon (6/15)
 Temple: D:4-7

Altars:
Fedhas
Okawaru


Innate Abilities, Weirdness & Mutations

You can breathe blasts of noxious fumes.
Your lurid green scales are hard. (AC +6)
You cannot fit into any form of body armour.
Your system is resistant to poisons. (rPois)
You are cold-blooded and may be slowed by cold attacks.


Message History

You see here a club.
The orc wizard points at you and mumbles some strange words.
The puff of frost hits you!
* * * LOW HITPOINT WARNING * * *
You see here a club.
It was a potion of brilliance.
You feel clever all of a sudden.
The orc wizard gestures at you while chanting.
The puff of frost hits you!
* * * LOW HITPOINT WARNING * * *
You block the orc wizard's attack.
The orc wizard looks braver for a moment.
It was a potion of magic.
Magic courses through your body.
The orc wizard gestures at you while chanting.
The puff of flame hits you!
* * * LOW HITPOINT WARNING * * *
The orc wizard closely misses you. The orc wizard casts a spell at you.
The puff of frost hits you!
You die...

......... ........#
.# #.....^.# ..#
#.......#####.##
...............#
...?...[.......#
#.....).o......##
########oo.......
#########@).....#
#......##.......#
#...........a...##
#................###
####...(.............
#..................
########...........
#...........
#...............


You could see a worker ant (confused), 2 orc wizards and an orc.

Vanquished Creatures
  Sigmund (D:6)
  Duvessa (D:5)
  An ogre (D:3)
  A bullfrog (D:6)
  2 wyvern zombies (D:6)
  Dowan (D:5)
  A howler monkey (D:4)
  A centaur skeleton (D:2)
  2 hounds
  3 jellies
  A bullfrog skeleton (D:4)
  5 orc wizards
  Jessica (D:3)
  Terence (D:3)
  2 worker ants
  A howler monkey skeleton (D:6)
  Robin (D:3)
  3 gnolls (D:2)
  5 adders
  4 oozes
  2 worms
  A leopard gecko (D:2)
  6 orcs
  6 bats
  2 giant cockroaches
  15 goblins
  9 hobgoblins
  6 jackals
  A quokka (D:2)
  A frilled lizard (D:1)
  4 kobolds
  A leopard gecko skeleton (D:4)
  5 rats
97 creatures vanquished.

Notes
Turn   | Place    | Note
-------+----------+-------------------------------------------
     0 | D:1      | KristoblXynda the Draconian Fighter began the quest for the Orb.
     0 | D:1      | Reached XP level 1. HP: 19/19 MP: 1/1
   108 | D:1      | Reached XP level 2. HP: 18/26 MP: 2/2
   226 | D:1      | You fall through a shaft!
   666 | D:2      | Reached XP level 3. HP: 30/31 MP: 3/3
   670 | D:2      | Reached skill level 3 in Axes
  1120 | D:2      | Reached XP level 4. HP: 29/38 MP: 4/4
  1553 | D:3      | Noticed Robin
  1553 | D:3      | Reached skill level 4 in Axes
  1564 | D:3      | Killed Robin
  1745 | D:3      | Noticed Terence
  1754 | D:3      | Killed Terence
  1754 | D:3      | Reached XP level 5. HP: 35/45 MP: 5/5
  1781 | D:3      | Found an iron altar of Okawaru.
  1788 | D:3      | Became a worshipper of Warmaster Okawaru
  1840 | D:3      | Noticed Jessica
  1850 | D:3      | Killed Jessica
  2109 | D:3      | Noticed an ogre
  2115 | D:3      | Killed an ogre
  2115 | D:3      | Reached skill level 5 in Axes
  2115 | D:3      | Reached XP level 6. HP: 40/51 MP: 6/6
  2587 | D:4      | Reached * piety under Okawaru
  2806 | D:4      | Reached skill level 6 in Axes
  2806 | D:4      | Reached skill level 5 in Shields
  2943 | D:4      | Your scales start taking on a lurid green colour.
  2943 | D:4      | Reached XP level 7. HP: 34/57 MP: 7/7
  2943 | D:4      | Gained mutation: Your system is resistant to poisons. (rPois) [Green Draconian growth]
  3092 | D:4      | You fall through a shaft!
  3092 | D:5      | Entered Level 5 of the Dungeon
  3222 | D:5      | Noticed Dowan
  3223 | D:5      | Noticed Duvessa
  3240 | D:5      | Killed Dowan
  3245 | D:5      | Found a blossoming altar of Fedhas.
  3275 | D:5      | Killed Duvessa
  3275 | D:5      | Reached skill level 7 in Axes
  3896 | D:6      | Noticed Sigmund
  3901 | D:6      | Killed Sigmund
  3901 | D:6      | Reached ** piety under Okawaru
  3901 | D:6      | Reached skill level 8 in Axes
  3901 | D:6      | Reached XP level 8. HP: 63/63 MP: 8/8
  3999 | D:6      | HP: 2/63 [orc wizard/puff of flame (7)]
  3999 | D:6      | Killed from afar by an orc wizard

Vault maps used:
D:1:      minmay_arrival_pointy
D:2:      first_ration
D:3:      okawaru_ov_weapons_minmay, uniq_robin, uniq_jessica, uniq_terence
D:4:      grunt_decor_cap
D:5:      old_standard_altar, minmay_stone_trees_medium,
          minmay_a_box_with_orc_wizards_in_it, uniq_duvessa
D:6:      marbit_many_paths, minmay_temple_entry_from_below_a,
          serial_bayou_ford_a, uniq_grinder, uniq_sigmund, uniq_menkaure

Skill      XL: |  1  2  3  4  5  6  7 |
---------------+----------------------+-----
Dodging        | 3 |  3.0
Axes           | 3 4 5 6 8 |  8.3
Shields        | 4 5 6 |  6.3
Fighting       | |  3.2

Action                   |  1- 3 |  4- 6 |  7- 9 || total
-------------------------+-------+-------+-------++-------
Melee: War axe           |    73 |   137 |    90 ||   300
       Tailslap          |     6 |    16 |     9 ||    31
 Abil: Breathe Noxious F |       |       |     6 ||     6
  Use: Scroll            |       |     3 |     2 ||     5
       Potion            |       |       |     7 ||     7
 Stab: Confused          |       |       |     3 ||     3
  Eat: Chunk             |     1 |     1 |     2 ||     4
       Ration            |       |     2 |       ||     2
Armor: Skin              |    23 |    46 |    21 ||    90
Dodge: Dodged            |    41 |    56 |    34 ||   131
Block: Shield            |    40 |    98 |    39 ||   177

Table legend:
 A = Spawn XP
 B = Non-spawn XP
 C = Spawn XP percentage of total XP
 D = Spawn monster count
 E = Non-spawn monster count
 F = Spawn count percentage of total count
 G = Total turns spent on level
                    A         B        C        D         E        F      G
               +---------+---------+-------+---------+---------+-------+---------
         Total |       0 |    1752 |   0.0 |       0 |      97 |   0.0 |  3999
               +---------+---------+-------+---------+---------+-------+---------
           D:1 |       0 |      26 |   0.0 |       0 |      14 |   0.0 |   648
           D:2 |       0 |     129 |   0.0 |       0 |      23 |   0.0 |   898
           D:3 |       0 |     303 |   0.0 |       0 |      24 |   0.0 |  1169
           D:4 |       0 |     289 |   0.0 |       0 |      17 |   0.0 |   377
           D:5 |       0 |     372 |   0.0 |       0 |       6 |   0.0 |   431
           D:6 |       0 |     633 |   0.0 |       0 |      13 |   0.0 |   476
               +---------+---------+-------+---------+---------+-------+---------
